 Seeded DCSS version 0.29.1-15-g9cfb28693d (webtiles) character file.

Game seed: 16245865983455551772 (custom seed)

131 Darius099 the Sneak (level 5, -4/36 HPs)
             Began as an Octopode Brigand on Mar 11, 2023.
             Slain by Natasha (7 damage)
             ... on level 3 of the Dungeon.
             The game lasted 00:02:49 (2205 turns).

Darius099 the Sneak (Octopode Brigand)              Turns: 2205, Time: 00:02:49

Health: -4/36      AC:  1    Str: 11    XL:     5   Next: 14%
Magic:  5/5        EV: 12    Int: 25    God:
Gold:   990        SH:  0    Dex: 15    Spells: 4/4 levels left

rFire   . . .      SeeInvis .   a - +2 dagger
rCold   . . .      Faith    .   (no shield)
rNeg    . . .      Spirit   .   (helmet restricted)
rPois   .          Reflect  .   p - amulet of regeneration
rElec   .          Harm     .   h - +6 ring of intelligence
rCorr   .          Rampage  .   i - +6 ring of intelligence
Will    .....                   (no ring)
Stlth   ++++......              (no ring)
HPRegen 0.92/turn               (no ring)
MPRegen 0.09/turn               (no ring)
                                (no ring)
                                (no ring)

@: no status effects
A: almost no armour, amphibious, 8 rings, camouflage 1, gelatinous body 1,
(nimble swimmer 1), tentacles
a: no special abilities


You were on level 3 of the Dungeon.
You visited 1 branch of the dungeon, and saw 3 of its levels.

You collected 990 gold pieces.

Inventory:

Hand Weapons
 a - a +2 dagger (weapon)
Missiles
 b - 11 poisoned darts (quivered)
 c - 3 curare-tipped darts
Jewellery
 h - a +6 ring of intelligence (left tentacle)
 i - a +6 ring of intelligence (right tentacle)
 p - an amulet of regeneration (around mantle)
Wands
 n - a wand of roots (4)
Scrolls
 d - 2 scrolls of acquirement
 g - 2 scrolls of teleportation {unknown}
 j - 2 scrolls of identify {unknown}
 l - a scroll of summoning {unknown}
 m - a scroll of enchant weapon {unknown}
 o - a scroll of noise {unknown}
Potions
 e - a potion of might {unknown}
 f - 2 potions of flight {unknown}
 k - a potion of lignification {unknown}


   Skills:
 + Level 3.3 Fighting
 + Level 3.3 Short Blades
 - Level 2.0 Throwing
 - Level 1.0 Dodging
 + Level 6.7 Stealth


You had 4 spell levels left.
You didn't know any spells.
Your spell library contained the following spells:

 Spells                   Type           Power      Damage    Failure   Level
 Sting                    Tmut/Pois      0%         1d3       14%         1
 Poisonous Vapours        Pois/Air       0%         N/A       21%         2
 Olgreb's Toxic Radiance  Pois           0%         N/A       80%         4
 Chain Lightning          Conj/Air       0%         N/A       100%        9
 Fire Storm               Conj/Fire      0%         5d1       100%        9
 Shatter                  Erth           0%         3d5*      100%        9


Dungeon Overview and Level Annotations

Branches:
Dungeon (3/15)

Altars:

Shops:
D:3 [

Annotations:
D:3 Natasha


Innate Abilities, Weirdness & Mutations

You cannot wear most types of armour.
You are amphibious.
You can wear up to eight rings at the same time.
Your skin changes colour to match your surroundings (Stealth+).
Your rubbery body absorbs attacks. (AC +1, EV +1)
((You are camouflaged when in or above water. (Stealth+)))
You have tentacles for arms and can constrict up to eight enemies at once.


Message History

An orc and an orc priest come into view.
The orc is wielding a +0 club and quivering poisoned darts.
The orc priest moves out of view.
Natasha and an orc come into view.
Natasha hisses angrily.
The orc shouts!
The orc priest shouts!
The orc priest looks braver for a moment.
There is an open door here.
A rat comes into view.
You closely miss Natasha. You grab Natasha. You constrict Natasha.
The orc hits you from afar with a +0 trident!
Natasha completely misses you.
You hit Natasha.
Natasha is moderately wounded.
You constrict Natasha, but do no damage.
The orc closely misses you. Natasha claws you!
You hit Natasha.
Natasha is moderately wounded.
You constrict Natasha, but do no damage.
The orc hits you from afar with a +0 trident.
The orc priest hits you with a +0 dagger.
You hit Natasha.
Natasha is severely wounded.
You constrict Natasha. Natasha claws you.
You release your grip on Natasha.
The orc priest attacks as you move away!
The orc priest hits you with a +0 dagger.
* * * LOW HITPOINT WARNING * * *
Natasha mumbles some strange words.
There is an open door here.
Natasha drinks a potion.
Natasha is healed!
Natasha wildly gestures.
Natasha's front paws start to glow.
Natasha casts a spell at you. The magic dart hits you!
* * * LOW HITPOINT WARNING * * *
You hit Natasha. You grab Natasha. You squeeze Natasha.
Natasha is almost dead.
You constrict Natasha, but do no damage.
Natasha claws you!
You die...

#.####.#####.#.################
#.# #.#...#...# #.# #.#...###.#
#.# #.#...# #.########## #.#
#.#...# #.#......... #.#
#.#...# #.#.........
#.####.#...# #.#o........
#..........###.ho5.......
##............@#...o.....
#.#############..o......
#.#...# #<# #......... #.....#
#.# ####'##... #####.# #.# .#
.. #.# #.# .. . #.# #.# .. #.#
#.# ... #.# #.#


You could see an orc priest, Natasha, a shadow imp (summoned) and an orc.

Vanquished Creatures
  Jessica (D:2)
  2 orc wizards (D:3)
  An adder (D:2)
  3 orcs (D:3)
  4 ball pythons
  3 bats
  5 endoplasms
  2 goblins (D:1)
  6 hobgoblins
  3 quokkas (D:1)
  3 frilled lizards
  4 kobolds
  6 rats
43 creatures vanquished.

Vanquished Creatures (others)
  2 plants (D:3)
2 creatures vanquished.

Grand Total: 45 creatures vanquished

Notes
Turn   | Place    | Note
-------+----------+-------------------------------------------
     0 | D:1      | Darius099 the Octopode Brigand began the quest for the Orb.
     0 | D:1      | Reached XP level 1. HP: 14/14 MP: 1/1
    59 | D:1      | Reached XP level 2. HP: 19/19 MP: 2/2
   127 | D:1      | Found a faded altar of an unknown god.
   848 | D:1      | Reached XP level 3. HP: 25/25 MP: 3/3
   853 | D:1      | Identified 3 scrolls of acquirement
   853 | D:1      | Acquired 868 gold pieces
   970 | D:2      | Noticed Jessica
   974 | D:2      | Killed Jessica
   975 | D:2      | Reached skill level 6 in Stealth
   975 | D:2      | Reached XP level 4. HP: 30/30 MP: 4/4
  1862 | D:3      | Found Ymmy Ciutu's Antique Armour Shoppe.
  1888 | D:3      | Reached XP level 5. HP: 25/36 MP: 5/5
  2193 | D:3      | Noticed Natasha
  2203 | D:3      | HP: 1/36 [Natasha/magic dart (9)]
  2205 | D:3      | Slain by Natasha

Illustrated notes

Levels and vault maps discovered:
D:1:      minmay_arrival_hallway, layout_loops_corners, basic_ecumenical_altar,
          minmay_unequal
D:2:      layout_loops_ring, uniq_jessica
D:3:      layout_basic, serial_shops, nicolae_shop_advertising_works
          [nicolae_subvault_shop_adworks], minmay_shallow_snake_nest,
          uniq_natasha

Skill      XL: |  1  2  3  4 |
---------------+-------------+-----
Stealth        | 6 |  6.7
Fighting       | 3 |  3.3
Short Blades   | 3 |  3.3
Throwing       | |  2.0
Dodging        | |  1.0

Action                   |  1- 3 |  4- 6 || total
-------------------------+-------+-------++-------
Melee: Dagger            |    23 |    43 ||    66
       Tentacles         |     6 |    10 ||    16
       Constrict         |     6 |    14 ||    20
       Punch             |     1 |     1 ||     2
  Use: Scroll            |     1 |       ||     1
 Stab: Sleeping          |    11 |     8 ||    19
Armor: Skin              |     1 |       ||     1
Dodge: Dodged            |     9 |    13 ||    22
